 Dungeon Sprint DCSS version 0.20-a0-809-gaf7f668 (webtiles) character file.

58 esc the Ducker (level 3, -5/17 HPs)
             Began as a Felid Artificer on Mar 3, 2017.
             Splashed by an oklob sapling priest's acid (13 damage)
             ... in the Dungeon (Sprint IV: "Fedhas' Mad Dash").
             The game lasted 00:01:06 (486 turns).

esc the Ducker (Felid Artificer)                     Turns: 486, Time: 00:01:07

Health: -5/17      AC: -3    Str:  8    XL:     3   Next: 75%
Magic:  7/7        EV: 21    Int: 13    God:
Gold:   58         SH:  0    Dex: 16    Spells: 2/2 levels left
                                        Lives:  0   Deaths: 0

rFire    . . .     SeeInvis +     - Unarmed
rCold    . . .     Gourm    .   (armour unavailable)
rNeg     . . .     Faith    .   (shield unavailable)
rPois    .         Spirit   .   (helmet unavailable)
rElec    .         Reflect  .   (cloak unavailable)
rCorr    .         Harm     .   (gloves unavailable)
MR       .....     NoTele   +   (boots unavailable)
Stlth    ++........             k - amulet of invisibility {+Inv}
Regen    0.1/turn               (no ring)
MPRegen  0.1/turn               (no ring)

@: corroded, quick
A: no armour, no weapons or thrown items, stealth, claws 1, fangs 3, see
invisible, carnivore 3, speed 1, shaggy fur 1, slow metabolism 1, sharp paws
a: Evoke Invisibility


You were in the Dungeon.
You were full.

You visited 1 branch You collected 58 gold pieces.

Inventory:

Jewellery
 k - the amulet of invisibility (around neck) {+Inv}
   (You found it in the Dungeon)

   [amulet of nothing]

   It lets you turn invisible.
Wands
 a - a wand of flame (10/48)
 b - a wand of enslavement (15/24)
 c - a wand of random effects (15/48)
Scrolls
 j - a scroll of blinking {!r}
Potions
 e - a potion of curing
 f - a potion of heal wounds
 g - a potion of haste
 h - 2 potions of magic
 i - a potion of berserk rage {!q}
 m - a potion of lignification {unknown}
Comestibles
 d - a meat ration {@e2}


   Skills:
 + Level 3.6 Fighting
 + Level 5.5 Dodging
 - Level 1.3 Stealth
 + Level 3.7 Unarmed Combat
 + Level 5.2 Evocations


You had 2 spell levels left.
You didn't know any spells.

Dungeon Overview and Level Annotations

Branches:
Dungeon (1/1)

Altars:
Cheibriados
Dithmenos
Gozag
Hepliaklqana
Kikubaaqudgha
Makhleb
Nemelex Xobeh
Okawaru
Ru
Sif Muna
Trog
Uskayaw
Wu Jian
Xom
Yredelemnul
Zin
Beogh
Jiyva

Annotations:
D exclusion: oklob sapling


Innate Abilities, Weirdness & Mutations

You cannot wear armour.
You are incapable of wielding weapons or throwing items.
Your paws allow you to move quietly. (Stealth)
You have sharp claws.
You have razor-sharp teeth.
You have supernaturally acute eyesight. (SInv)
You are carnivorous and can eat meat at any time.
You cover ground quickly.
You are covered in fur. (AC +1)
You have a slow metabolism.
Your sharp claws are effective at attacking unaware monsters.


Message History

The puff of flame hits the river rat.
You kill the river rat!
Your Fighting skill increases to level 2!
Your Unarmed Combat skill increases to level 2!
Your Evocations skill increases to level 4!
You have reached level 2!
This wand has 12 charges left.
MP restored: 6
There is an open door here.
You see here a river rat corpse.
You now have 8 gold pieces.
You start resting.
Health restored: 13 You open the door.
An oklob sapling comes into view.
There is an open door here.
The helpless oklob sapling fails to defend itself.
You claw the oklob sapling!
You destroy the oklob sapling!
Your Fighting skill increases to level 3!
Your Dodging skill increases to level 4!
Your Unarmed Combat skill increases to level 3!
You have reached level 3!
Your experience leads to an increase in your attributes!
Increase (S)trength, (I)ntelligence, or (D)exterity?
You feel clever.
Health restored: 17; MP restored: 7 A worker ant comes into view.
You see here 17 gold pieces.
You see here 3 gold pieces.
You see here a glowing emerald potion.
You pounce on the unaware helpless worker ant!
You claw the worker ant! The worker ant bites you.
You are poisoned.
The worker ant poisons you!
You take 2 damage, and have 15/17 hp.
Aim: a worker ant (severely wounded)
The puff of flame hits the worker ant.
This wand has 11 charges left.
You feel sick.
The worker ant bites you but does no damage.
You take 1 damage, and have 14/17 hp.
Aim: a worker ant (almost dead)
The puff of flame hits the worker ant.
You kill the worker ant!
Your Dodging skill increases to level 5!
Your Evocations skill increases to level 5!
This wand has 10 charges left.
You feel sick.
You take 1 damage, and have 13/17 hp.
k - the amulet of invisibility {+Inv} You see here a worker ant corpse.
You feel sick.
You take 1 damage, and have 12/17 hp.
Put on which piece of jewellery? (? for menu, Esc to quit)
k - the amulet of invisibility (around neck) {+Inv}
There are no objects that can be picked up here. a worker ant corpse You butcher the worker ant corpse.
You feel sick.
l - 3 chunks of flesh {@w0} You take 1 damage, and have 11/17 hp.
You feel sick.
You see here 8 tomahawks.
You take 1 damage, and have 10/17 hp.
You now have 11 gold pieces (gained 3).
You feel sick.
You take 1 damage, and have 9/17 hp.
You now have 28 gold pieces (gained 17).
You feel sick.
You take 1 damage, and have 9/17 hp.
You now have 47 gold pieces (gained 19).
You now have 58 gold pieces (gained 11).
You feel sick.
You take 1 damage, and have 8/17 hp.
m - a glowing emerald potion You see here 8 tomahawks.
You feel sick.
You take 1 damage, and have 7/17 hp.
You start resting.
Eating one of 3 chunks of flesh {@w0}.
You eat one of the 3 chunks of flesh {@w0}.
This raw flesh tastes great.
Eating one of 2 chunks of flesh {@w0}.
You eat one of the 2 chunks of flesh {@w0}.
This raw flesh tastes great.
Eating a chunk of flesh {@w0}.
You eat the chunk of flesh {@w0}.
This raw flesh tastes great.
You feel sick. x2
You are no longer poisoned.
You take 2 damage, and have 5/17 hp.
You start resting.
Health restored: 17 You open the door.
Found ten altars.
An oklob sapling priest comes into view.
Found three altars.
There is an open door here.
Found three altars.
The oklob sapling priest spits acid at you.
The splash of acid hits you!
Ouch! That really hurt!
The acid corrodes you!
You are splashed with acid!
The acid burns!
Ouch! That really hurt!
You die...

########################
.P#.....#.....#.⌠._._._.
..÷.....'.#(..'.@_._._._
PP#.....#.#...#..._._P_.
############+##.._._._._
#._._._._. ##########


You could see an oklob sapling priest.

Vanquished Creatures
  An oklob sapling (D)
  A worker ant (D)
  A river rat (D)
  A rat (D)
4 creatures vanquished.

Notes
Turn   | Place    | Note
-------+----------+-------------------------------------------
     0 | D        | esc the Felid Artificer began the quest for the Orb.
     0 | D        | Reached XP level 1. HP: 9/9 MP: 4/4
    10 | D        | Reached skill level 3 in Dodging
    12 | D        | Reached skill level 2 in Fighting
    12 | D        | Reached skill level 2 in Unarmed Combat
    12 | D        | Reached skill level 4 in Evocations
    12 | D        | Reached XP level 2. HP: 4/13 MP: 6/6
   221 | D        | Noticed an oklob sapling
   223 | D        | Killed an oklob sapling
   223 | D        | Reached skill level 3 in Fighting
   223 | D        | Reached skill level 4 in Dodging
   223 | D        | Reached skill level 3 in Unarmed Combat
   223 | D        | Reached XP level 3. HP: 17/17 MP: 7/7
   230 | D        | Reached skill level 5 in Dodging
   230 | D        | Reached skill level 5 in Evocations
   483 | D        | Found an opulent altar of Gozag.
   483 | D        | Found a hazy altar of Hepliaklqana.
   483 | D        | Found a burning altar of Makhleb.
   483 | D        | Found a roughly hewn altar of Beogh.
   483 | D        | Found a sparkling altar of Nemelex Xobeh.
   483 | D        | Found a snail-covered altar of Cheibriados.
   483 | D        | Found a sacrificial altar of Ru.
   483 | D        | Found a deep blue altar of Sif Muna.
   483 | D        | Found a shimmering altar of Xom.
   483 | D        | Found a basalt altar of Yredelemnul.
   484 | D        | Found a viscous altar of Jiyva.
   484 | D        | Found a bloodstained altar of Trog.
   484 | D        | Found an ornate altar of the Wu Jian Council.
   484 | D        | Noticed an oklob sapling priest
   485 | D        | Found an iron altar of Okawaru.
   485 | D        | Found a shadowy altar of Dithmenos.
   485 | D        | Found a glowing silver altar of Zin.
   486 | D        | Found an ancient bone altar of Kikubaaqudgha.
   486 | D        | Found a hide-covered altar of Uskayaw.
   486 | D        | Splashed by an oklob sapling priest's acid

Vault maps used:
D:        dungeon_sprint_fedhas

Skill      XL: |  1  2  3 |
---------------+----------+-----
Dodging        | 3 4 5 |  5.5
Fighting       | 2 3 |  3.6
Unarmed Combat | 2 3 |  3.7
Evocations     | 4 5 |  5.2
Stealth        | |  1.3

Action                   || total
-------------------------++-------
Melee: Unarmed           ||     5
Evoke: Wand              ||     5
 Stab: Sleeping          ||     2
  Eat: Chunk             ||     3
Armor: Skin              ||     1
Dodge: Dodged            ||     3

Vault maps used:
D:        dungeon_sprint_fedhas

Table legend:
 A = Turns spent in this place as a percentage of turns spent in the entire game.
 B = Non-inter-level travel turns spent in this place as a percentage of non-inter-level travel turns spent in the entire game.
 C = Inter-level travel turns spent in this place as a percentage of turns spent in this place.
 D = Turns resting spent in this place as a percentage of non-inter-level travel turns spent in this place.
 E = Turns spent auto-exploring this place as a percentage of non-inter-level travel turns spent in this place.
 F = Non-inter-level travel turns spent in this place divided by the number of levels of this place that you've seen.
                   A       B       C       D       E      F
               +-------+-------+-------+-------+-------+----------------------
         Total | 100.0 | 100.0 |   0.0 |   9.8 |   0.0 |  51.0
       Dungeon | 100.0 | 100.0 |   0.0 |   9.8 |   0.0 |  51.0
               +-------+-------+-------+-------+-------+----------------------

Table legend:
 A = Kills in this place as a percentage of kills in entire the game.
 B = Kills by you in this place as a percentage of kills by you in the entire game.
 C = Kills by friends in this place as a percentage of kills by friends in the entire game.
 D = Other kills in this place as a percentage of other kills in the entire game.
 E = Experience gained in this place as a percentage of experience gained in the entire game.
 F = Experience gained in this place divided by the number of levels of this place that you have seen.
                   A       B       C       D       E      F
               +-------+-------+-------+-------+-------+----------------------
         Total | 100.0 | 100.0 |  -nan |  -nan | 100.0 |  83.0
       Dungeon | 100.0 | 100.0 |  -nan |  -nan | 100.0 |  83.0
               +-------+-------+-------+-------+-------+----------------------
